 Dungeon Crawl Stone Soup version 0.27-a0-1196-g3e9cee4cb2 (webtiles) character file.

Game seed: 9447294664181197943

834 Armakuni the Slasher (level 8, -8/61 (64) HPs)
             Began as a Human Artificer on May 28, 2021.
             Mangled by a wight
             ... wielding a +3 great sword
              (17 damage)
             ... on level 6 of the Dungeon.
             The game lasted 00:12:16 (6772 turns).

Armakuni the Slasher (Human Artificer)              Turns: 6772, Time: 00:12:17

HP:   -8/61 (64)    AC:  7    Str: 15    XL:     8   Next: 18%
MP:   8/8           EV: 10    Int: 12    God:
Gold: 204           SH:  0    Dex: 13    Spells: 6/7 levels left

rFire    . . .     SeeInvis .   a - +0 scimitar
rCold    . . .     Faith    .   (no shield)
rNeg     . . .     Spirit   .   i - +0 ring mail
rPois    .         Reflect  .   (no helmet)
rElec    .         Harm     .   (no cloak)
rCorr    .         Rampage  .   j - +1 pair of gloves
Will     .....                  (no boots)
Stlth    +.........             (no amulet)
HPRegen  0.20/turn              (no ring)
MPRegen  0.11/turn              (no ring)

@: lightly drained
A: no striking features
a: no special abilities


You were on level 6 of the Dungeon.
You visited 1 branch of the dungeon, and saw 6 of its levels.

You collected 204 gold pieces.

Inventory:

Hand Weapons
 a - a +0 scimitar (weapon)
Missiles
 m - a throwing net
 n - 5 curare-tipped darts
Armour
 g - a +0 scale mail
 i - a +0 ring mail (worn)
 j - a +1 pair of gloves (worn)
Wands
 d - a wand of charming (17)
Scrolls
 h - a scroll of teleportation
 o - a scroll of summoning
Potions
 b - a potion of brilliance
 c - a potion of flight {unknown}
 f - a potion of heal wounds
 k - 2 potions of mutation
 l - a potion of curing
Miscellaneous
 e - a piece from Xom's chessboard (6/15)


   Skills:
 + Level 5.8 Fighting
 + Level 6.0 Long Blades
 - Level 1.0 Maces & Flails
 - Level 2.0 Armour
 - Level 1.0 Dodging
 - Level 1.0 Stealth
 - Level 3.0 Evocations


You had 6 spell levels left.
You knew the following spells:

 Your Spells              Type           Power      Damage    Failure   Level
a - Apportation           Tloc           0%         N/A       54%         1

Your spell library contained the following spells:

 Spells                   Type           Power      Damage    Failure   Level
 Animate Skeleton         Necr           0%         N/A       54%         1
 Corona                   Hex            0%         N/A       54%         1
 Sandblast                Erth           0%         2d4       54%         1
 Shock                    Conj/Air       0%         1d3       54%         1
 Summon Small Mammal      Summ           0%         N/A       54%         1
 Passwall                 Tmut/Erth      0%         N/A       67%         2
 Static Discharge         Conj/Air       0%         N/A       67%         2
 Stone Arrow              Conj/Erth      0%         3d7       88%         3
 Swiftness                Air            0%         N/A       88%         3
 Airstrike                Air            0%         N/A       99%         4
 Petrify                  Tmut/Erth      0%         N/A       99%         4
 Lee's Rapid Deconstruct  Erth           0%         3d5*      100%        5
 Lightning Bolt           Conj/Air       0%         1d11      100%        5


Dungeon Overview and Level Annotations

Branches:
Dungeon (6/15)
 Temple: D:4-7

Altars:
Cheibriados

Shops:
D:1 [


Message History

Here: a wight, wielding a +3 great sword and wearing a +0 robe The floor.
Unknown command.
Saving game... please wait.
Welcome back, Armakuni the Human Artificer.
Press ? for a list of commands and other information.
Press: ? - help, v - describe, . - travel
Here: a wight, wielding a +3 great sword and wearing a +0 robe The floor.
Unknown command.
You make a move on Xom's chessboard...
The wight is unaffected.
Unknown command.
You hit the wight.
The wight is moderately damaged.
The wight hits you with a +3 great sword!
You hit the wight.
The wight is heavily damaged.
The wight closely misses you.
You closely miss the wight.
The wight is heavily damaged.
The wight hits you with a +3 great sword.
You feel drained.
You hit the wight but do no damage.
The wight is heavily damaged.
The wight hits you with a +3 great sword.
You barely miss the wight.
The wight is heavily damaged.
The wight hits you with a +3 great sword!
You feel drained.
You hit the wight but do no damage.
The wight is heavily damaged.
The wight hits you with a +3 great sword.
You closely miss the wight.
The wight is heavily damaged.
The wight hits you with a +3 great sword! x2
* * * LOW HITPOINT WARNING * * *
You closely miss the wight.
The wight is heavily damaged.
The wight hits you with a +3 great sword!
You die...

##+## ##...##
##.....## .
##.......##
....###...z@....#
......'.........+
.>.####.........#
##.......##
##.....## ##...##
##'## #.# #.#


You could see a wight.

Vanquished Creatures
  A water moccasin (D:6)
  An ice beast (D:6)
  A necrophage (D:4)
  2 wights (D:6)
  The ghost of Tempus the Grasshopper, a weakling FoWr of Zin (D:3)
  A hound (D:6)
  A jelly (D:4)
  A bullfrog skeleton (D:6)
  A centaur skeleton (D:6)
  Natasha (thrice) (D:3)
  5 orc wizards (D:6)
  3 adders
  A dart slug (D:2)
  6 orcs
  5 endoplasms (D:1)
  3 giant cockroaches
  5 goblins
  A hobgoblin (D:2)
  17 jackals
  5 kobolds (D:4)
  4 quokkas
  3 ball pythons
  4 bats
  4 frilled lizards
  5 rats
84 creatures vanquished.

Vanquished Creatures (collateral kills)
  A jackal (D:2)
1 creature vanquished.

Vanquished Creatures (others)
  2 wights (D:6)
2 creatures vanquished.

Grand Total: 87 creatures vanquished

Notes
Turn   | Place    | Note
-------+----------+-------------------------------------------
     0 | D:1      | Armakuni the Human Artificer began the quest for the Orb.
     0 | D:1      | Reached XP level 1. HP: 15/15 MP: 1/1
    32 | D:1      | Found Dorastiv's Antique Armour Shop.
   250 | D:1      | Reached XP level 2. HP: 17/21 MP: 2/2
   320 | D:1      | Reached skill level 1 in Maces & Flails
   901 | D:1      | Reached skill level 1 in Long Blades
  1002 | D:1      | Reached XP level 3. HP: 22/27 MP: 3/3
  1478 | D:2      | Reached skill level 2 in Long Blades
  1928 | D:2      | Reached XP level 4. HP: 24/33 MP: 4/4
  2067 | D:2      | Learned a level 1 spell: Apportation
  2924 | D:3      | Noticed Natasha
  2939 | D:3      | Killed Natasha
  2940 | D:3      | Reached skill level 3 in Long Blades
  2940 | D:3      | Reached XP level 5. HP: 29/39 MP: 5/5
  3359 | D:3      | Noticed Natasha
  3369 | D:3      | Killed Natasha
  3523 | D:3      | Noticed Natasha
  3527 | D:3      | Killed Natasha
  3537 | D:3      | Found a runed translucent door.
  3538 | D:3      | Noticed Tempus's ghost (weakling FoWr)
  3554 | D:3      | Killed Tempus's ghost
  3555 | D:3      | Reached XP level 6. HP: 22/47 MP: 6/6
  3990 | D:4      | Found a snail-covered altar of Cheibriados.
  4685 | D:4      | Noticed a necrophage
  4699 | D:4      | Killed a necrophage
  4700 | D:4      | Reached skill level 4 in Long Blades
  5250 | D:5      | Entered Level 5 of the Dungeon
  5250 | D:5      | Noticed a yak
  5250 | D:5      | Noticed a yak
  5250 | D:5      | Noticed a yak
  5403 | D:6      | Reached XP level 7. HP: 24/52 MP: 7/7
  6052 | D:6      | Reached skill level 5 in Long Blades
  6158 | D:6      | Noticed a water moccasin
  6170 | D:6      | Killed a water moccasin
  6171 | D:6      | Reached skill level 5 in Fighting
  6313 | D:6      | Reached XP level 8. HP: 51/63 MP: 8/8
  6422 | D:6      | Reached skill level 6 in Long Blades
  6772 | D:6      | Mangled by a wight

Illustrated notes

Levels and vault maps discovered:
D:1:      kennysheep_arrival_seaside, layout_loops_ring, serial_shops, shop
D:2:      layout_basic, minmay_misc_feat_plants, glass_columns_c
D:3:      layout_basic, gammafunk_ghost_grave, uniq_natasha
D:4:      layout_cave_pods, lemuel_doored_altar
D:5:      layout_cave_pools, pdpol_wu_jian_five_deadly_venoms,
          minmay_temple_entry_statues_pillars, serial_gnoll_camp,
          gnoll_camp_mini_hut, gnoll_camp_mini_hut, gnoll_camp_huts_basic,
          gnoll_camp_mini_doghouse, gnoll_camp_mini_doghouse,
          gnoll_camp_mini_shop
D:6:      layout_loops_corners, serial_glass, glass_columns_a, glass_columns_c

Skill      XL: |  1  2  3  4  5  6  7  8 |
---------------+-------------------------+-----
Maces & Flails | 1 |  1.0
Long Blades    | 1 2 3 4 5 6 |  6.0
Fighting       | 2 3 4 5 |  5.8
Armour         | |  2.0
Dodging        | |  1.0
Stealth        | |  1.0
Evocations     | |  3.0

Action                   |  1- 3 |  4- 6 |  7- 9 || total
-------------------------+-------+-------+-------++-------
Melee: Club              |    29 |       |       ||    29
       Long sword        |    81 |   128 |    27 ||   236
       Scimitar          |       |       |    78 ||    78
Evoke: Piece from Xom's  |     7 |     9 |     6 ||    22
       Wand              |     5 |    12 |     5 ||    22
  Use: Scroll            |     5 |     7 |     1 ||    13
       Potion            |     3 |       |       ||     3
 Stab: Petrified         |     3 |       |       ||     3
       Sleeping          |     1 |       |       ||     1
       Paralysed         |     1 |       |    11 ||    12
       Confused          |       |       |     1 ||     1
Armor: Leather armour    |    53 |       |       ||    53
       Ring mail         |    22 |    75 |    45 ||   142
Dodge: Dodged            |    98 |    79 |    31 ||   208
       Rpst.: Long sword |    31 |    21 |     7 ||    59
       Scimitar          |       |       |     4 ||     4

Table legend: (Time is in decaauts)
 A = Elapsed time spent in this place.
 B = Non-inter-level travel time spent in this place.
 C = Inter-level travel time spent in this place.
 D = Time resting spent in this place.
 E = Time spent auto-exploring this place.
 F = Levels seen in this place.
 G = Mean time per level.
                   A        B        C        D        E       F      G
               +--------+--------+--------+--------+--------+-----+--------+
         Total |   6857 |   6660 |    197 |   1861 |   3486 |   6 | 1142.8 |
       Dungeon |   6857 |   6660 |    197 |   1861 |   3486 |   6 | 1142.8 |
               +--------+--------+--------+--------+--------+-----+--------+

Top non-repeatable levels by time:
     D:1: 1482 daAuts
     D:6: 1449 daAuts
     D:4: 1414 daAuts
     D:3: 1246 daAuts
     D:2: 1244 daAuts
     D:5: 19 daAuts
